 Dungeon Crawl Stone Soup version 0.21.0-25-ge575cb9 (webtiles) character file.

607 pstr the Digger (level 7, -1/56 HPs)
             Began as a Naga Earth Elementalist on Jan 25, 2018.
             Was a Follower of Nemelex Xobeh.
             Slain by a centaur skeleton (6 damage)
             ... on level 5 of the Dungeon.
             The game lasted 00:14:33 (6434 turns).

pstr the Digger (Naga Earth Elementalist)           Turns: 6434, Time: 00:14:34

Health: -1/56      AC:  3    Str: 10    XL:     7   Next: 43%
Magic:  14/14      EV: 10    Int: 17    God:    Nemelex Xobeh [*.....]
Gold:   255        SH:  0    Dex: 12    Spells: 11/15 levels left

rFire    + . .     SeeInvis +   o - +0 falchion
rCold    x . .     Gourm    .   (no shield)
rNeg     . . .     Faith    .   c - +0 robe
rPois    +         Spirit   .   (no helmet)
rElec    .         Reflect  .   (no cloak)
rCorr    .         Harm     .   (no gloves)
MR       .....                  (no barding)
Stlth    +.........             (no amulet)
HPRegen  0.18/turn              n - ring of fire
MPRegen  0.14/turn              (no ring)

@: confused, hasted, quick
A: large, see invisible, deformed body, poison resistance, slowness 2, slow
metabolism 1, spit poison 1, AC +2
a: Spit Poison, Renounce Religion


You were on level 5 of the Dungeon.
You worshipped Nemelex Xobeh.
Nemelex Xobeh was aware of your devotion.
You were not hungry.

You visited 2 branches of the dungeon, and saw 6 of its levels.

You collected 255 gold pieces.

Inventory:

Hand Weapons
 o - a +0 falchion (weapon)
Missiles
 b - 133 stones (quivered)
 t - 13 arrows
Armour
 c - a +0 robe (worn)
 m - a +0 leather armour
 A - a +0 pair of gloves
Jewellery
 n - a ring of fire (left hand)
 q - an uncursed ring of stealth {unknown}
 u - an uncursed ring of resist corrosion {unknown}
Scrolls
 a - a scroll of amnesia {unknown}
 i - 2 scrolls of identify {unknown}
 k - 2 scrolls of blinking {unknown}
 l - 3 scrolls of teleportation {unknown}
 p - 3 scrolls of magic mapping {unknown}
 v - a scroll of remove curse {unknown}
 w - a scroll of fog {unknown}
Potions
 f - a potion of haste
 g - a potion of might {unknown}
 h - a potion of ambrosia
 s - a potion of berserk rage {unknown}
 x - a potion of curing {unknown}
Books
 e - a book of Geomancy

   Spells                             Type                      Level
   a - Sandblast                      Earth                        1
   b - Passwall                       Transmutation/Earth          2
   c - Stone Arrow                    Conjuration/Earth            3
   d - Petrify                        Transmutation/Earth          4
   e - Lee's Rapid Deconstruction     Earth                        5
Miscellaneous
 j - a legendary deck of destruction
 y - an ornate deck of destruction
Comestibles
 d - 13 rations
 z - 6 chunks of flesh


   Skills:
 + Level 0.5 Fighting
 + Level 2.1 Dodging
 + Level 3.8 Stealth
 + Level 4.7 Spellcasting
 + Level 2.6 Conjurations
   Level 1.0 Transmutations
 + Level 5.5 Earth Magic


You had 11 spell levels left.
You knew the following spells:

 Your Spells              Type           Power        Failure   Level  Hunger
a - Sandblast             Erth           ###...       1%          1    None
b - Stone Arrow           Conj/Erth      ###...       9%          3    ###....


Dungeon Overview and Level Annotations

Branches:
Dungeon (5/15)             Temple (1/1) D:4

Altars:
Cheibriados
Dithmenos
Fedhas
Gozag
Hepliaklqana
Kikubaaqudgha
Makhleb
Nemelex Xobeh
Okawaru
Qazlal
Ru
Sif Muna
Trog
Uskayaw
Wu Jian
Xom
Zin
The Shining One

Shops:
D:4 *


Innate Abilities, Weirdness & Mutations

You cannot wear boots.
Your serpentine skin is tough. (AC +2)
You have supernaturally acute eyesight. (SInv)
Armour fits poorly on your strangely shaped body.
Your system is resistant to poisons. (rPois)
You cover ground very slowly.
You have a slow metabolism.
You can spit poison.


Message History

b - 133 stones The orc closely misses you.
You riposte.
You hit the orc but do no damage. The centaur skeleton hits you.
* * * LOW HITPOINT WARNING * * *
The centaur skeleton closely misses you.
The centaur skeleton hits you.
* * * LOW HITPOINT WARNING * * *
It was a potion of haste.
You feel yourself speed up. The centaur skeleton hits you.
* * * LOW HITPOINT WARNING * * *
The centaur skeleton hits you.
* * * LOW HITPOINT WARNING * * *
It was a potion of ambrosia.
You are confused.
You feel invigorated. The centaur skeleton hits you.
* * * LOW HITPOINT WARNING * * *
It was a potion of magic.
Magic courses through your body. The centaur skeleton hits you.
You die...
Your body disappears without a glow.

.......###..#.###....
....#.......#.##..).
...#####..#.#.#..)# ..##
#..........# ###
#.#......#.# #
#.#......#.# #
##......#.s.# #
##..##...##Zo## #
#...##...##@..### #
##.#.##......#...#
#####.........#...##.....#
......##..........# #...##
...)..#.........#.# .....#
..##............### .....
..##.##.......... .....
..#..##......... ....
................ ....


You could see a scorpion, an orc and a centaur skeleton.

Vanquished Creatures
  An ogre (D:4)
  Blork the orc (D:5)
  A scorpion (D:3)
  A howler monkey (D:4)
  An orc priest (D:5)
  An iguana (D:4)
  A worker ant (D:4)
  3 orc wizards
  A hound zombie (D:5)
  3 gnolls (D:3)
  7 adders
  2 oozes
  A worm (D:3)
  3 dart slugs (D:1)
  3 leopard geckos
  9 orcs
  A ball python (D:1)
  3 giant cockroaches
  7 goblins
  7 hobgoblins
  7 jackals
  3 kobolds
  2 quokkas (D:2)
  8 bats
  3 frilled lizards
  A leopard gecko skeleton (D:5)
  A rat (D:3)
82 creatures vanquished.

Notes
Turn   | Place    | Note
-------+----------+-------------------------------------------
     0 | D:1      | pstr the Naga Earth Elementalist began the quest for the Orb.
     0 | D:1      | Reached XP level 1. HP: 15/15 MP: 3/3
   267 | D:1      | Reached XP level 2. HP: 19/22 MP: 3/5
   761 | D:1      | Reached XP level 3. HP: 28/28 MP: 4/6
   766 | D:1      | Learned a level 3 spell: Stone Arrow
  1315 | D:2      | Reached skill level 4 in Earth Magic
  1803 | D:2      | Found an opulent altar of Gozag.
  2219 | D:2      | Reached XP level 4. HP: 36/36 MP: 3/7
  3576 | D:3      | Reached skill level 1 in Conjurations
  3576 | D:3      | Reached XP level 5. HP: 31/42 MP: 0/9
  4133 | D:3      | Found a sacrificial altar of Ru.
  4133 | D:3      | Found an ancient bone altar of Kikubaaqudgha.
  4133 | D:3      | Found a glowing silver altar of Zin.
  4138 | D:3      | Found a blossoming altar of Fedhas.
  4185 | D:3      | Reached XP level 6. HP: 50/50 MP: 3/11
  4563 | D:4      | Reached skill level 5 in Earth Magic
  4890 | D:4      | Found a staircase to the Ecumenical Temple.
  4898 | Temple   | Entered the Ecumenical Temple
  5194 | Temple   | Became a worshipper of Nemelex Xobeh the Trickster
  5304 | D:4      | Received a gift from Nemelex Xobeh
  5432 | D:4      | Found Sotwon's Assorted Antiques.
  5535 | D:4      | Reached XP level 7. HP: 56/56 MP: 8/13
  6137 | D:5      | Entered Level 5 of the Dungeon
  6261 | D:5      | Noticed Blork the orc
  6269 | D:5      | Killed Blork the orc
  6404 | D:5      | Reached * piety under Nemelex Xobeh
  6404 | D:5      | Received a gift from Nemelex Xobeh
  6433 | D:5      | HP: 2/56 [centaur skeleton (3)]
  6434 | D:5      | Slain by a centaur skeleton

Skill      XL: |  1  2  3  4  5  6 |
---------------+-------------------+-----
Earth Magic    | 4 5 |  5.5
Spellcasting   | 3 4 |  4.7
Conjurations   | 1 2 |  2.6
Dodging        | 2 |  2.1
Fighting       | |  0.5
Stealth        | |  3.8
Transmutations | |  1.0

Action                   |  1- 3 |  4- 6 |  7- 9 || total
-------------------------+-------+-------+-------++-------
Melee: Unarmed           |       |     7 |       ||     7
       Falchion          |       |     4 |       ||     4
Throw: Stone             |       |     1 |       ||     1
 Cast: Sandblast         |    21 |    38 |    11 ||    70
       Stone Arrow       |    13 |    40 |    14 ||    67
 Abil: Spit Poison       |     6 |    16 |     1 ||    23
  Use: Potion            |       |       |     3 ||     3
  Eat: Chunk             |     5 |    14 |     3 ||    22
Armor: Robe              |     1 |    10 |     1 ||    12
Dodge: Dodged            |    13 |    28 |     6 ||    47
       Rpst.: Falchion   |       |     1 |     3 ||     4
